 Dungeon Crawl Stone Soup version 0.24.0-13-gcf9b319 (webtiles) character file.

Game seed: 824316278915246264, levelgen mode: deterministic

3131 Fang the Fighter (level 9, -6/60 HPs)
             Began as a Gargoyle Berserker on Nov 11, 2019.
             Was a Priest of Trog.
             Mangled by an ogre
             ... wielding a +0 giant club
              (12 damage)
             ... on level 8 of the Dungeon.
             The game lasted 00:07:40 (6601 turns).

Fang the Fighter (Gargoyle Berserker)               Turns: 6601, Time: 00:07:40

Health: -6/60      AC: 19    Str: 24    XL:     9   Next: 92%
Magic:  9/9        EV: 10    Int:  8    God:    Trog [***...]
Gold:   329        SH:  0    Dex:  9    Spells: 8/8 levels left

rFire    . . .     SeeInvis +   a - +0 hand axe
rCold    . . .     Gourm    .   (no shield)
rNeg     + . .     Faith    .   b - +0 chain mail
rPois    ∞         Spirit   .   l - +1 helmet
rElec    +         Reflect  .   I - scarf {repulsion}
rCorr    .         Harm     .   (no gloves)
MR       ++...     Rnd*Tele +   (no boots)
Stlth    ..........             (no amulet)
HPRegen  1.20/turn              F - ring of see invisible
MPRegen  0.11/turn              w - ring of teleportation (curse)

@: marked, berserk cooldown, starving, regenerating, slowed, repel missiles,
very slow
A: negative energy resistance 1, electricity resistance, unbreathing,
petrification resistance, rot immunity, AC +6
a: Berserk, Trog's Hand, Renounce Religion


You were on level 8 of the Dungeon.
You worshipped Trog.
Trog was most pleased with you.
You were starving.

You visited 2 branches of the dungeon, and saw 9 of its levels.
You also visited: Ossuary.

You collected 329 gold pieces.

Inventory:

Hand Weapons
 a - a +0 hand axe (weapon)
Armour
 b - a +0 chain mail (worn)
 l - a +1 helmet (worn)
 I - a scarf of repulsion (worn)
Jewellery
 k - an uncursed ring of flight
 w - a cursed ring of teleportation (right hand)
 C - an uncursed amulet of guardian spirit {unknown}
 F - a ring of see invisible (left hand)
Wands
 t - a wand of acid (9)
 y - a wand of digging (6)
 J - a wand of flame (21)
Scrolls
 f - 12 scrolls of identify {unknown}
 h - 4 scrolls of teleportation {unknown}
 i - 3 scrolls of amnesia {unknown}
 j - 2 scrolls of random uselessness {unknown}
 m - 9 scrolls of remove curse {unknown}
 n - 2 scrolls of enchant armour {unknown}
 p - 3 scrolls of magic mapping {unknown}
 q - a scroll of fog {unknown}
 v - a scroll of noise {unknown}
 E - a scroll of enchant weapon {unknown}
 H - 2 scrolls of fear {unknown}
Potions
 d - 4 potions of lignification {unknown}
 e - 3 potions of magic {unknown}
 g - a potion of resistance {unknown}
 o - a potion of haste {unknown}
 r - a potion of mutation {unknown}
 s - a potion of brilliance {unknown}
 u - a potion of heal wounds {unknown}
 x - a potion of invisibility {unknown}
 z - 2 potions of curing {unknown}
 A - 2 potions of agility {unknown}
 B - 2 potions of might
 D - a potion of ambrosia {unknown}
 G - a potion of flight {unknown}
Comestibles
 c - 12 rations
 K - a chunk of flesh


   Skills:
 * Level 9.1 Fighting
 * Level 7.5 Axes
 + Level 6.6 Armour
 + Level 5.0 Dodging


You had 8 spell levels left.
You didn't know any spells.
Your spell library was empty.

Dungeon Overview and Level Annotations

Branches:
Dungeon (8/15)             Temple (1/1) D:5         Ossuary (visited)
   Lair: D:8-11

Altars:
Makhleb
Yredelemnul
The Shining One


Innate Abilities, Weirdness & Mutations

You are resistant to torment.
Your stone body is resilient. (AC +6)
You are immune to poison.
You resist negative energy. (rN+)
You are resistant to electric shocks. (rElec)
You can survive without breathing.
You are immune to petrification.
You are immune to rotting.


Message History

You are too injured to fight recklessly!
You are too injured to fight recklessly!
You are too injured to fight recklessly!
You are too injured to fight recklessly!
You are too injured to fight recklessly!
You are too injured to fight recklessly!
You are too injured to fight recklessly!
You are too injured to fight recklessly!
You are too injured to fight recklessly!
You are too injured to fight recklessly!
You are too injured to fight recklessly!
You are too injured to fight recklessly!
You are too injured to fight recklessly!
Your skin crawls.
You feel resistant to hostile enchantments.
You feel somewhat more hungry. The hungry ghost hits you.
* * * LOW HITPOINT WARNING * * *
You are starving!
The ogre hits you with a +0 giant club!
You die...

.............#
.............#
.............#
.............#
.............#
.............+
.............#
........†))..#
##...?..5.@..#
#.......§WO.+
#...........#
#.).........#
###........)
..>.........
##.(........#
$......[...#


You could see a hungry ghost, an ogre and a crimson imp.

Vanquished Creatures
  Harold (D:8)
  Sigmund (D:6)
  Grum (D:8)
  2 sky beasts
  A necrophage (D:7)
  2 wolves (D:8)
  5 centaurs
  3 bullfrogs
  2 water moccasin zombies (Ossuary)
  A wyvern zombie (D:6)
  2 scorpions
  5 killer bees (D:7)
  2 hounds
  A jelly (D:7)
  3 orc wizards
  Crazy Yiuf (D:6)
  An orc priest (D:5)
  2 iguanas
  A worker ant (D:5)
  A big kobold zombie (Ossuary)
  2 hound skeletons (D:5)
  A hound zombie (D:7)
  2 mummies (Ossuary)
  A worker ant zombie (D:4)
  4 gnolls (D:3)
  8 adders
  2 oozes
  3 adder zombies (Ossuary)
  4 worms
  2 dart slugs (D:1)
  3 leopard geckos
  15 orcs
  4 giant cockroaches
  3 gnoll zombies (Ossuary)
  13 goblins
  9 hobgoblins
  3 jackals (D:5)
  4 kobolds
  4 quokkas
  3 ball pythons
  7 bats
  6 frilled lizards
  4 hobgoblin zombies (Ossuary)
  A jackal skeleton (D:4)
  3 kobold zombies (Ossuary)
  A leopard gecko skeleton (D:4)
  5 orc zombies (Ossuary)
  7 rats
162 creatures vanquished.

Notes
Turn   | Place    | Note
-------+----------+-------------------------------------------
     0 | D:1      | Fang the Gargoyle Berserker began the quest for the Orb.
     0 | D:1      | Reached XP level 1. HP: 14/14 MP: 1/1
    50 | D:1      | Reached XP level 2. HP: 12/19 MP: 2/2
   604 | D:1      | Reached XP level 3. HP: 22/23 MP: 3/3
   935 | D:2      | Found a glowing golden altar of the Shining One.
  1167 | D:2      | Reached ** piety under Trog
  1452 | D:2      | Reached XP level 4. HP: 29/29 MP: 4/4
  1886 | D:3      | Reached skill level 4 in Fighting
  1998 | D:3      | Reached XP level 5. HP: 11/33 MP: 5/5
  2674 | D:4      | Found a sand-covered staircase.
  2698 | Ossuary  | Entered an ossuary
  2740 | Ossuary  | Reached XP level 6. HP: 23/39 MP: 6/6
  2891 | Ossuary  | Reached *** piety under Trog
  3225 | D:4      | Reached skill level 5 in Fighting
  3962 | D:5      | Entered Level 5 of the Dungeon
  3962 | D:5      | Found a basalt altar of Yredelemnul.
  3981 | D:5      | Reached XP level 7. HP: 44/44 MP: 7/7
  4306 | D:5      | Reached skill level 6 in Fighting
  4351 | D:5      | Found a staircase to the Ecumenical Temple.
  4399 | D:5      | Reached skill level 5 in Axes
  4585 | Temple   | Entered the Ecumenical Temple
  4607 | D:6      | Noticed Sigmund
  4612 | D:6      | Reached XP level 8. HP: 51/51 MP: 8/8
  4621 | D:6      | Killed Sigmund
  4762 | D:6      | Reached skill level 5 in Armour
  4784 | D:6      | Found a burning altar of Makhleb.
  5031 | D:6      | Reached skill level 7 in Fighting
  5201 | D:6      | Found a runed translucent door.
  5201 | D:6      | Noticed Crazy Yiuf
  5207 | D:6      | Killed Crazy Yiuf
  5679 | D:7      | Reached XP level 9. HP: 42/57 MP: 9/9
  6149 | D:7      | Reached skill level 8 in Fighting
  6569 | D:8      | Noticed Grum
  6572 | D:8      | Noticed Harold
  6582 | D:8      | Killed Grum
  6594 | D:8      | Killed Harold
  6594 | D:8      | Reached skill level 9 in Fighting
  6594 | D:8      | Reached skill level 5 in Dodging
  6601 | D:8      | Mangled by an ogre

Levels and vault maps discovered:
D:1:      psy_arrival_radial01, layout_basic
D:2:      layout_loops_corners, minmay_misc_feat_columns,
          nicolae_tso_swordbearing_angel
D:3:      layout_loops_ring, first_ration
D:4:      minmay_diamond_boxcup, layout_cave_pools,
          nicolae_ossuary_entry_false_entrances, eino_tiny_chamber,
          nrook_mini_vaults, ebering_dispersal_statue_hall
D:5:      layout_cave_pools, minmay_temple_entry_overgrown, basic_altar
D:6:      layout_loops_ring, nicolae_overflow_crystal_walls, uniq_sigmund,
          uniq_crazy_yiuf_cottage
D:7:      layout_basic, hangedman_decor_diamond_cutter
D:8:      layout_basic, basic_altar, uniq_psyche, uniq_grum, uniq_harold
Temple:   kilobyte_greek_temple

Skill      XL: |  1  2  3  4  5  6  7  8  9 |
---------------+----------------------------+-----
Axes           | 3 4 5 6 7 |  7.5
Dodging        | 2 3 4 5 |  5.0
Armour         | 3 4 5 6 |  6.6
Fighting       | 4 5 6 7 9 |  9.1

Action                   |  1- 3 |  4- 6 |  7- 9 || total
-------------------------+-------+-------+-------++-------
Melee: Hand axe          |   107 |   271 |   346 ||   724
Invok: Berserk           |     1 |     3 |     5 ||     9
       Trog's Hand       |       |       |     2 ||     2
 Stab: Sleeping          |       |     1 |       ||     1
  Eat: Chunk             |     2 |     8 |    13 ||    23
       Ration            |       |     1 |       ||     1
Armor: Animal skin       |    46 |   130 |    16 ||   192
       Chain mail        |       |       |   200 ||   200
       Skin              |       |       |     3 ||     3
Dodge: Dodged            |    74 |   225 |   210 ||   509
       Deflected         |       |       |     9 ||     9
